Map: Goldener Wall LE

Players

Xentor - Winner!

  • Race: Terran Terran
  • Spawn Location: 7:00

VOD

Have the link to the VOD?

Description

Time

  • Played on: June 7, 2020, 7:20 a.m.
  • Length: 10:47
Show
View Real Time Build Order
Export as new Build Order

Xentor Terran - Winner!

Build Orders:  

Get SALT Encoding   

  12  0:03  SCV  
  13  0:20  SCV  
  14  0:30  Supply Depot  
  14  0:37  SCV  
  15  1:00  SCV  
  16  1:12  Barracks  
  16  1:17  SCV  
  17  1:34  SCV  
  18  2:12  Barracks  
  18  2:18  Barracks  
  18  2:20  Barracks  
  18  2:24  Barracks  
  18  2:41  Marine  
  19  3:06  Marine  
  20  3:24  Supply Depot  
  20  3:41  Marine x2  
  20  3:42  Marine  
  23  3:54  Marine x2  
  25  4:06  Marine x3  
  28  4:19  Marine x2  
  30  4:25  Supply Depot  
  30  4:31  Marine  
  31  4:55  Marine x4  
  31  4:56  Supply Depot, Marine  
  36  5:12  Supply Depot  
  36  5:20  Marine x3  
  36  5:26  Marine x2  
  36  5:29  Supply Depot  
  41  5:45  Marine x3  
  44  5:51  Marine x2  
  46  6:02  Supply Depot  
  46  6:10  Marine x3  
  46  6:16  Marine x2  
  51  6:36  Marine x3  
  54  6:41  Marine x2  
  56  6:50  Supply Depot  
  56  7:01  Marine x3  
  56  7:06  Marine x2  
  61  7:22  Supply Depot  
  61  7:25  Marine  
  61  7:26  Marine x2  
  64  7:31  Marine x2  
  66  7:50  Marine  
  66  7:51  Marine x2  
  66  7:55  Supply Depot  
  66  7:56  Marine x2  
  71  8:15  Marine  
  71  8:16  Marine x2  
  74  8:21  Marine x2  
  71  8:40  Marine  
  71  8:41  Marine x2  
  71  8:46  Marine x2  
  70  9:33  Marine x5  
  72  9:58  Marine x5  
Tags
 
Add a new tag
Caveats
  • Supply blocks, unpowered buildings, or Contaminate may cause inaccurate times.
  • Supply counts are checked every 10 seconds.